 Dungeon Crawl Stone Soup version 0.28-a0-819-g6ef7baa362 (webtiles) character file.

Game seed: 11848994497400565362

130 Fenrisus the Insei (level 5, 0/33 HPs)
             Began as an Octopode Transmuter on Nov 8, 2021.
             Succumbed to an adder's poison
             ... on level 3 of the Dungeon.
             The game lasted 00:16:49 (3931 turns).

Fenrisus the Insei (Octopode Transmuter)            Turns: 3931, Time: 00:16:50

Health: 0/33       AC:  1    Str:  9    XL:     5   Next: 14%
Magic:  8/9        EV: 13    Int: 16    God:
Gold:   43         SH:  0    Dex: 13    Spells: 8/9 levels left

rFire   . . .      SeeInvis .     - Unarmed
rCold   . . .      Faith    .   (no shield)
rNeg    . . .      Spirit   .   (helmet currently unavailable)
rPois   .          Reflect  .   (no amulet)
rElec   .          Harm     .   (no ring)
rCorr   .          Rampage  .   (no ring)
Will    .....                   (no ring)
Stlth   +++.......              (no ring)
HPRegen 0.11/turn               (no ring)
MPRegen 0.11/turn               (no ring)
                                (no ring)
                                (no ring)

@: lethally poisoned (0 -> -2), appendages
A: tentacle spike 3, almost no armour, amphibious, 8 rings, camouflage 1,
gelatinous body 1, (nimble swimmer 1), tentacles
a: End Transformation


You were on level 3 of the Dungeon.
One of your tentacles had grown a beastly spike.
You visited 1 branch of the dungeon, and saw 3 of its levels.

You collected 43 gold pieces.

Inventory:

Missiles
 f - 2 throwing nets (quivered)
Scrolls
 a - 2 scrolls of noise
 e - a scroll of identify
Potions
 b - a potion of heal wounds {unknown}
 c - a potion of ambrosia
 d - a potion of cancellation {unknown}


   Skills:
 + Level 1.3 Fighting
 + Level 2.5 Dodging
 + Level 2.2 Stealth
 + Level 4.0 Unarmed Combat
 + Level 2.8 Spellcasting
 + Level 2.7 Transmutations


You had 8 spell levels left.
You knew the following spells:

 Your Spells              Type           Power      Damage    Failure   Level
a - Beastly Appendage     Tmut           20%        N/A       6%          1

Your spell library contained the following spells:

 Spells                   Type           Power      Damage    Failure   Level
 Wereblood                Tmut           10%        N/A       10%         2
 Sublimation of Blood     Necr           2%         N/A       28%         2
 Spider Form              Tmut/Pois      6%         N/A       32%         3
 Portal Projectile        Hex/Tloc       4%         N/A       50%         3
 Ice Form                 Ice/Tmut       6%         N/A       73%         4
 Simulacrum               Ice/Necr       1%         N/A       100%        6
 Death's Door             Necr           1%         N/A       100%        9


Dungeon Overview and Level Annotations

Branches:
Dungeon (3/15)

Altars:
Zin

Shops:
D:3 *


Innate Abilities, Weirdness & Mutations

One of your tentacles has grown a beastly spike.
You cannot wear most types of armour.
You are amphibious.
You can wear up to eight rings at the same time.
Your skin changes colour to match your surroundings (Stealth+).
Your rubbery body absorbs attacks. (AC +1, EV +1)
((You are camouflaged near water. (Stealth+)))
You have tentacles for arms and can constrict up to eight enemies at once.


Message History

Things that are here:
a +0 club; a goblin corpse You tentacle-slap the adder.
Your grab misses the adder.
Your tentacle spike misses the adder.
The adder is moderately wounded.
You feel sick. The adder bites you.
The giant cockroach completely misses you.
You feel sick. The adder bites you.
The giant cockroach waves its antennae.
The giant cockroach closely misses you.
You feel sick.
You feel sick. The giant cockroach bites you.
Your transformation is almost over.
You feel sick.
You are no longer poisoned.
The giant cockroach barely misses you. The adder bites you.
You are poisoned.
The adder poisons you!
You feel sick. The adder barely misses you.
You feel sick. The adder completely misses you.
You feel sick.
You feel sick.
You feel sick.
You are no longer poisoned.
The adder bites you.
* * * LOW HITPOINT WARNING * * *
You are poisoned.
The adder poisons you! The adder bites you.
* * * LOW HITPOINT WARNING * * *
Casting: Beastly Appendage (safe; 6% risk of failure)
Confirm with . or Enter, or press ? or * to list all spells.
You extend your transformation's duration.
* * * LOW HITPOINT WARNING * * *
You feel sick. The adder bites you.
* * * LOW HITPOINT WARNING * * *
The adder bites you but does no damage.
* * * LOW HITPOINT WARNING * * *
You feel sick.
You die...

##########......#
................#
....(...........# ...
................# .....
..............# #......
............+.............
###...###..<.##.............. #
#G#...#G#...........#........
#.###...###..#@.......#.......
..#............#........#......
........_......##S.........#.##
.................B............#
....###...###.#...............#
....#G#...#G#.#...............#
##. ###...###.#..#+#####......#
. .........+........#......#
..........#..#.###..####+##


You could see an adder and a giant cockroach.

Vanquished Creatures
  4 gnolls (D:2)
  3 adders (D:2)
  2 orcs
  7 ball pythons
  4 endoplasms
  8 giant cockroaches
  7 goblins
  4 hobgoblins (D:2)
  2 jackals (D:1)
  3 quokkas (D:1)
  7 bats
  3 kobolds
  4 rats
58 creatures vanquished.

Notes
Turn   | Place    | Note
-------+----------+-------------------------------------------
     0 | D:1      | Fenrisus the Octopode Transmuter began the quest for the
                  | Orb.
     0 | D:1      | Reached XP level 1. HP: 13/13 MP: 3/3
   458 | D:1      | Reached XP level 2. HP: 18/18 MP: 3/5
  1046 | D:1      | Reached skill level 1 in Stealth
  1046 | D:1      | Reached XP level 3. HP: 19/23 MP: 4/6
  2426 | D:2      | Reached XP level 4. HP: 8/28 MP: 5/7
  3490 | D:2      | Reached XP level 5. HP: 30/33 MP: 7/9
  3636 | D:2      | Got the Incunabulum of Lethal Enchantment
  3687 | D:2      | Reached skill level 4 in Unarmed Combat
  3854 | D:3      | Noticed an eye of devastation
  3857 | D:3      | Found a faded altar of an unknown god.
  3858 | D:3      | Noticed a floating eye
  3858 | D:3      | Noticed a floating eye
  3858 | D:3      | Noticed a floating eye
  3875 | D:3      | Found Zin's Purification Station.
  3895 | D:3      | Found a glowing silver altar of Zin.
  3930 | D:3      | HP: 1/33 [poisoned by an adder]
  3931 | D:3      | Succumbed to an adder's poison

Illustrated notes

Levels and vault maps discovered:
D:1:      minmay_arrival_stone_box, layout_loops_ring, minmay_worlds_worst_comb
D:2:      minmay_skewed_foursquare, layout_rooms, minmay_liquid_box,
          minmay_quantized
D:3:      layout_basic, nicolae_vehumet_radiance, tgw_trog, zin_purify,
          hellmonk_ecumenical_altar_watching_god, st_stairs_7,
          lemuel_old_faithful

Skill      XL: |  1  2  3  4  5 |
---------------+----------------+-----
Stealth        | 1 2 |  2.2
Unarmed Combat | 4 |  4.0
Fighting       | |  1.3
Dodging        | |  2.5
Spellcasting   | |  2.8
Transmutations | |  2.7

Action                   |  1- 3 |  4- 6 || total
-------------------------+-------+-------++-------
Melee: Unarmed           |    79 |    56 ||   135
       Constrict         |    26 |    15 ||    41
       Kick              |    19 |    13 ||    32
       Tentacles         |    10 |    11 ||    21
       Punch             |     1 |     1 ||     2
 Cast: Beastly Appendage |    26 |    15 ||    41
  Use: Scroll            |       |     2 ||     2
 Stab: Sleeping          |     2 |     3 ||     5
Armor: Skin              |     5 |     6 ||    11
Dodge: Dodged            |    60 |    48 ||   108

Table legend: (Time is in decaauts)
 A = Elapsed time spent in this place.
 B = Non-inter-level travel time spent in this place.
 C = Inter-level travel time spent in this place.
 D = Time resting spent in this place.
 E = Time spent auto-exploring this place.
 F = Levels seen in this place.
 G = Mean time per level.
                   A        B        C        D        E       F      G
               +--------+--------+--------+--------+--------+-----+--------+
         Total |   3928 |   2656 |   1272 |   1688 |      0 |   3 | 1309.3 |
       Dungeon |   3928 |   2656 |   1272 |   1688 |      0 |   3 | 1309.3 |
               +--------+--------+--------+--------+--------+-----+--------+

Top non-repeatable levels by time:
     D:1: 2309 daAuts
     D:2: 1542 daAuts
     D:3: 76 daAuts
